 Dungeon Crawl Stone Soup version 0.28.0-45-g0d030f2227 (webtiles) character file.

Game seed: 8683349047526600299

4 Iusername the Covered (level 1, 0/14 HPs)
             Began as a Gargoyle Fighter on Apr 4, 2022.
             Slain by a goblin
             ... wielding a +0 club
              (3 damage)
             ... on level 1 of the Dungeon.
             The game lasted 00:00:22 (47 turns).

Iusername the Covered (Gargoyle Fighter)              Turns: 47, Time: 00:00:23

Health: 0/14       AC:  9    Str: 19    XL:     1   Next: 60%
Magic:  1/1        EV:  9    Int:  8    God:
Gold:   0          SH:  4    Dex:  9    Spells: 0/0 levels left

rFire   . . .      SeeInvis .   a - +0 flail
rCold   . . .      Faith    .   c - +0 buckler
rNeg    + . .      Spirit   .   b - +0 scale mail
rPois   ∞          Reflect  .   (no helmet)
rElec   +          Harm     .   (no cloak)
rCorr   .          Rampage  .   (no gloves)
Will    .....                   (no boots)
Stlth   ..........              (no amulet)
HPRegen 0.04/turn               (no ring)
MPRegen 0.07/turn               (no ring)

@: no status effects
A: sickness immunity, AC +2, negative energy resistance 1, electricity
resistance, torment resistance 1, petrification resistance
a: no special abilities


You were on level 1 of the Dungeon.
You visited 1 branch of the dungeon, and saw 1 of its levels.

Inventory:

Hand Weapons
 a - a +0 flail (weapon)
Armour
 b - a +0 scale mail (worn)
 c - a +0 buckler (worn)
Potions
 d - a potion of might


   Skills:
 + Level 3.3 Fighting
 + Level 2.0 Maces & Flails
 + Level 3.4 Armour
 + Level 3.3 Shields


You couldn't memorise any spells.
You didn't know any spells.
Your spell library was empty.

Dungeon Overview and Level Annotations

Branches:
Dungeon (1/15)

Altars:


Innate Abilities, Weirdness & Mutations

You are immune to sickness and miasma.
Your stone body is resilient. (AC +2)
You are immune to poison.
You resist negative energy. (rN+)
You are resistant to electric shocks. (rElec)
You are resistant to unholy torment.
You are immune to petrification.


Message History

You closely miss the jackal. The jackal closely misses you. x2
The jackal bites you. The jackal closely misses you. x2
You block the jackal's attack. The jackal closely misses you.
You barely miss the jackal.
The jackal bites you but does no damage. x2
The jackal barely misses you.
The jackal bites you but does no damage. x4
The jackal bites you.
You sock the jackal!
You kill the jackal!
The jackal bites you but does no damage. x2
You block the jackal's attack. x2
The jackal bites you but does no damage. x2
The jackal barely misses you. You block the goblin's attack.
The jackal bites you.
The jackal bites you but does no damage.
The jackal closely misses you.
You completely miss the jackal. The jackal barely misses you.
The jackal bites you but does no damage.
The goblin hits you but does no damage. The jackal barely misses you.
The jackal closely misses you. You block the jackal's attack.
The goblin hits you with a +0 club.
* * * LOW HITPOINT WARNING * * *
You hit the jackal.
You kill the jackal!
The jackal bites you.
* * * LOW HITPOINT WARNING * * *
The jackal bites you but does no damage.
The jackal closely misses you.
The jackal bites you but does no damage.
The goblin hits you but does no damage.
Unknown command.
Unknown command.
You sock the jackal!
You kill the jackal!
The jackal barely misses you. x2; The goblin hits you but does no damage.
The jackal bites you but does no damage.
The goblin hits you but does no damage. The jackal closely misses you.
You barely miss the goblin. The goblin hits you with a +0 club.
You die...

#.# #.# #.#
####.########
#...........#
#...........#
##########...........#
.........'...........#
........##.....h@g...#
........##.......†...+
.....#####...........#
.##### #............# .#
#............#
.#########..............
........................
........................
........................


You could see a jackal and a goblin.

Vanquished Creatures
  3 jackals (D:1)
3 creatures vanquished.

Notes
Turn   | Place    | Note
-------+----------+-------------------------------------------
     0 | D:1      | Iusername the Gargoyle Fighter began the quest for the Orb.
     0 | D:1      | Reached XP level 1. HP: 14/14 MP: 1/1
    47 | D:1      | Slain by a goblin

Illustrated notes

Levels and vault maps discovered:
D:1:      dpeg_arrival_arbitrary_c, layout_basic

Action                   || total
-------------------------++-------
Melee: Flail             ||     7
Armor: Scale mail        ||    21
Dodge: Dodged            ||    16
Block: Buckler           ||     7
